 Dungeon Crawl Stone Soup version 0.21.1-1-g345015fe64 (webtiles) character file.

210 Xipe the Slasher (level 6, -4/48 HPs)
             Began as a Human Berserker on Feb 21, 2018.
             Was a Priest of Trog.
             Slain by a black bear (7 damage)
             ... on level 5 of the Dungeon.
             The game lasted 00:14:09 (2406 turns).

Xipe the Slasher (Human Berserker)                  Turns: 2406, Time: 00:14:10

Health: -4/48      AC: 12    Str: 18    XL:     6   Next: 12%
Magic:  6/6        EV:  8    Int:  7    God:    Trog [***...]
Gold:   204        SH:  0    Dex: 14    Spells: 5/5 levels left

rFire    . . .     SeeInvis .   a - +0 falchion
rCold    . . .     Gourm    .   (no shield)
rNeg     . . .     Faith    .   k - +2 chain mail {rPois}
rPois    +         Spirit   .   (no helmet)
rElec    .         Reflect  .   (no cloak)
rCorr    .         Harm     .   (no gloves)
MR       .....                  n - +0 pair of boots
Stlth    ..........             (no amulet)
HPRegen  0.16/turn              (no ring)
MPRegen  0.10/turn              (no ring)

@: hasted, very quick
A: no striking features
a: Berserk, Trog's Hand, Burn Spellbooks, Renounce Religion


You were on level 5 of the Dungeon.
You worshipped Trog.
Trog was most pleased with you.
You were not hungry.

You visited 1 branch of the dungeon, and saw 5 of its levels.

You collected 204 gold pieces.

Inventory:

Hand Weapons
 a - a +0 falchion (weapon)
Missiles
 t - 3 tomahawks (quivered)
 u - 13 poisoned needles
Armour
 k - a +2 chain mail of poison resistance (worn)
 n - a +0 pair of boots (worn)
 w - a +0 plate armour
Scrolls
 d - 3 scrolls of teleportation {unknown}
 f - 3 scrolls of remove curse {unknown}
 g - a scroll of amnesia {unknown}
 h - 4 scrolls of identify {unknown}
 m - 3 scrolls of enchant weapon {unknown}
 q - a scroll of fear {unknown}
 x - 2 scrolls of random uselessness {unknown}
Potions
 b - a potion of flight {unknown}
 e - a potion of haste
 i - a potion of degeneration {unknown}
 j - a potion of ambrosia {unknown}
 l - a potion of berserk rage {unknown}
 o - 2 potions of curing {unknown}
 p - a potion of might {unknown}
 r - 2 potions of mutation {unknown}
 v - a potion of lignification {unknown}
Comestibles
 c - 6 rations
 s - a chunk of flesh


   Skills:
 + Level 3.9 Fighting
 + Level 5.0 Long Blades
 + Level 2.6 Armour
 + Level 2.7 Dodging
 - Level 0.5 Stealth


You had 5 spell levels left.
You didn't know any spells.

Dungeon Overview and Level Annotations

Branches:
Dungeon (5/15)             Temple (0/1) D:4

Altars:

Portals:
Ossuary: D:5

Annotations:
D:2 Jessica


Message History

* * * LOW HITPOINT WARNING * * *
The black bear claws you but does no damage.
You closely miss the black bear.
The black bear is almost dead.
The black bear bites you but does no damage.
The black bear claws you.
* * * LOW HITPOINT WARNING * * *
The black bear claws you but does no damage.
The black bear bites you but does no damage.
The black bear claws you but does no damage.
The black bear claws you.
* * * LOW HITPOINT WARNING * * *
You hit the black bear but do no damage.
The black bear is almost dead.
The black bear barely misses you.
You riposte.
You hit the black bear.
The black bear is almost dead.
The black bear barely misses you.
The black bear claws you but does no damage.
It was a potion of haste.
You feel yourself speed up. The black bear bites you!
You die...

##........## #...... #......
##.........## ##......# #......
#............##.......# #......
#................(....# ##......
......................####.......
..†.....####.............#.......
........# ##...[................
#.......# #.....................
........# #...h@.....####.......
......(.####..........# ###....>
..........#...........# ###...##.
.....................####...#####
.####................###...## .#
#..............####..### .#
#.....##...######...## #.
####..####...###..^## #..#
##<.....###


You could see a black bear (berserk).

Vanquished Creatures
  A hound (D:4)
  An orc wizard (D:3)
  A worker ant (D:5)
  A hound skeleton (D:4)
  2 worms
  A dart slug (D:1)
  3 leopard geckos
  8 orcs
  2 ball pythons
  4 giant cockroaches
  10 goblins
  9 hobgoblins
  4 jackals
  9 kobolds
  6 quokkas
  15 bats
  6 frilled lizards
  A quokka skeleton (D:4)
  7 rats
91 creatures vanquished.

Notes
Turn   | Place    | Note
-------+----------+-------------------------------------------
     0 | D:1      | Xipe the Human Berserker began the quest for the Orb.
     0 | D:1      | Reached XP level 1. HP: 18/18 MP: 1/1
   104 | D:1      | Reached XP level 2. HP: 24/24 MP: 2/2
   355 | D:1      | Reached XP level 3. HP: 22/29 MP: 3/3
   716 | D:2      | Reached ** piety under Trog
   860 | D:2      | Noticed Jessica
   950 | D:2      | Reached XP level 4. HP: 34/35 MP: 4/4
  1113 | D:2      | Reached skill level 4 in Long Blades
  1330 | D:3      | Reached XP level 5. HP: 35/42 MP: 5/5
  1595 | D:3      | Reached *** piety under Trog
  1892 | D:4      | Found a staircase to the Ecumenical Temple.
  2227 | D:4      | You fall through a shaft!
  2227 | D:5      | Entered Level 5 of the Dungeon
  2246 | D:5      | Found a sand-covered staircase.
  2318 | D:5      | Reached skill level 5 in Long Blades
  2318 | D:5      | Reached XP level 6. HP: 48/48 MP: 6/6
  2386 | D:5      | Noticed a black bear
  2404 | D:5      | HP: 2/48 [black bear (1)]
  2406 | D:5      | Slain by a black bear

Skill      XL: |  1  2  3  4  5 |
---------------+----------------+-----
Long Blades    | 4 5 |  5.0
Fighting       | |  3.9
Armour         | |  2.6
Dodging        | |  2.7
Stealth        | |  0.5

Action                   |  1- 3 |  4- 6 || total
-------------------------+-------+-------++-------
Melee: Falchion          |    93 |   199 ||   292
  Use: Potion            |       |     1 ||     1
  Eat: Chunk             |       |     5 ||     5
Armor: Animal skin       |    17 |       ||    17
       Leather armour    |     9 |    15 ||    24
       Chain mail        |       |   108 ||   108
Dodge: Dodged            |    78 |   125 ||   203
       Rpst.: Falchion   |    25 |    31 ||    56
